AoeStats
← La piraña de aguas profundas

Migration

509986280Analyzed
1v1 RM · 18d ago on Sep 28, 2026· 37m 2s· 2 players
Game mode
Random Map
Map size
132×132
Population
200
Speed
Normal
Resources
Standard
Victory
Conquest
Starting age
Dark Age
Ending age
Imperial Age
RankedLock teamsTeams togetherTeam positionsShared explorationLock speedFull tech treeHidden civsTurbo modeCheats
Victory
Defeat
🇨🇳 Varangians · China
1670
+14
vs
1632
-14
La piraña de aguas profundas
12:43 Feudal Age
16:18 Castle Age
15:56 Fishing Lines
17:14 Medium Warships
17:13 Fletching
18:14 Bodkin Arrow
18:51 Double-Bit Axe
19:12 Gillnets
20:49 Loom
23:00 Careening
33:41 Clinker Construction
Mariner
12:19 Feudal Age
12:51 Double-Bit Axe
15:51 Castle Age
14:03 Gold Mining
14:10 Fishing Lines
14:29 Loom
17:10 Fletching
18:26 Bow Saw
18:19 Bodkin Arrow
20:39 Wheelbarrow
19:49 Town Watch
23:23 Clinker Construction
23:44 Ballistics
25:23 Careening
27:00 Clinker Construction
27:19 Medium Warships
28:33 Hand Cart
32:48 Forging
36:26 Imperial Age
37:17 Bracer
Connection lost

Rejoining the realm…

Still unreachable

The connection could not be restored.

Session expired

The server has moved on; the page needs a fresh start.